 Dungeon Crawl Stone Soup version 0.31-a0-16-g6d2539766c (webtiles) character file.

Game seed: 1884706526047424442

245 ytrimaz the Covered (level 6, 0/55 HPs)
             Began as a Meteoran Fighter on May 8, 2023.
             Slain by Duvessa
             ... wielding a +0 short sword
              (5 damage)
             ... on level 4 of the Dungeon.
             The game lasted 00:02:53 (1748 turns).

ytrimaz the Covered (Meteoran Fighter)              Turns: 1748, Time: 00:02:54

Health: 0/55       AC:  7    Str: 23    XL:     6   Next: 59%
Magic:  7/7        EV:  9    Int: 11    God:
Gold:   153        SH:  5    Dex: 15    Spells: 5/5 levels left

rFire   . . .        a - +0 flail
rCold   . . .        c - +0 buckler
rNeg    . . .        b - +0 scale mail
rPois   .            (no helmet)
rElec   .            (no cloak)
rCorr   .            (no gloves)
SInv    .            (no boots)
Will    .....        (no amulet) Stlth
                     i - +6 ring of strength
HPRegen 0.29/turn    (no ring)
MPRegen 0.10/turn

%: no passive effects
@: mighty, hasted, glowing, very quick
A: sense surroundings 1, otherworldly, glowing, explore regen
a: no special abilities


You were on level 4 of the Dungeon.
You visited 1 branch of the dungeon, and saw 4 of its levels.

You collected 153 gold pieces.


Innate Abilities, Weirdness & Mutations

You passively map a small area around you.
You are easily found by Zot.
You glow in the dark.
You regain HP and MP as you explore.


   Skills:
 + Level 4.9 Fighting
 + Level 5.0 Maces & Flails
 + Level 5.4 Armour
 - Level 4.0 Shields


You had 5 spell levels left.
You didn't know any spells.
Your spell library contained the following spells:

 Spells                   Type           Power      Damage    Failure   Level
 Static Discharge         Conj/Air       0%         2-2/arc   83%         2
 Ozocubu's Armour         Ice            0%         N/A       97%         3
 Vhi's Electric Charge    Tloc/Air       0%         N/A       97%         3
 Airstrike                Air            0%         2d(0-16)  100%        4
 Summon Lightning Spire   Summ/Air       0%         N/A       100%        4
 Arcjolt                  Conj/Air       0%         1d10      100%        5
 Plasma Beam              Fire/Air       0%         2x1d11    100%        6
 Ozocubu's Refrigeration  Ice            0%         4d7       100%        7

Inventory:

Hand Weapons
 a - a +0 flail (weapon)
Armour
 b - a +0 scale mail (worn)
 c - a +0 buckler (worn)
Jewellery
 i - a +6 ring of strength (left hand)
   (You found it on level 1 of the Dungeon)
Scrolls
 e - a scroll of fear {unknown}
 h - 5 scrolls of teleportation
 j - 2 scrolls of magic mapping {unknown}
 l - 3 scrolls of amnesia
 n - a scroll of noise {unknown}
 q - a scroll of butterflies
 r - a scroll of identify
 s - 3 scrolls of poison {unknown}
 t - a scroll of blinking {unknown}
Potions
 g - a potion of heal wounds {unknown}
 m - a potion of mutation {unknown}
 o - a potion of attraction {unknown}
 p - 2 potions of flight

Dungeon Overview and Level Annotations

Branches:
Dungeon (4/15) Zot: 604
 Temple: D:4-7

Altars:
Wu Jian

Annotations:
D:4 Dowan, Duvessa

#.##...####.# * *
#.#.......#.#,* ,
, #.#.......#.# *
, #.#.........#.#
#.########..#.#,
, #...........#.#
, #####.....#.#
,, *
######.#.#...# ,
....#.#@#...# *
#....#{#..##.# ,
*#....#.#.....#
*, , ,,
##....#.#.#..#...
,
#..e....$......##
#.##..#e.#.#>###
,* # #..#..#.###
+ , * #..#..#.# *
, #.....#.#


You could see Dowan.


Message History

You sock the kobold!
You kill the kobold!
Things that are here:
a +0 club; a kobold corpse The goblin hits you with a +0 club. 😕 HP[-4]
You take 4 damage, and now have 51/55 hp.
You hit the goblin.
You kill the goblin! 😕 HP[+1] Unknown command.
No target in view!
You now have 153 gold pieces (gained 20).
f - 2 red potions (gained 1)
s - 3 scrolls labelled AHAZIU GEACZIT 😎 HP[+3]
Your hp is fully restored (55).
t - a scroll labelled ROFYEJ JEWNEFEUP
Found a stone staircase leading down.
Dowan, Brother of Duvessa comes into view.
He is wielding a +0 dagger.
Dowan shouts!
You see here 11 gold pieces.
Duvessa, Sister of Dowan comes into view.
She is wielding a +0 short sword.
Dowan points at Duvessa and mumbles some strange words.
Duvessa shouts!
Duvessa seems to speed up.
Duvessa drinks a potion.
Duvessa flickers and vanishes!
Deactivating autopickup; reactivate with Ctrl-A.
Dowan points at you and mumbles some strange words.
The puff of frost hits you! 😕 HP[-9]
You take 9 damage, and now have 46/55 hp. 😕 HP[+1]
Something hits you but does no damage. Something hits you. 😕 HP[-2]
You take 2 damage, and now have 45/55 hp.
You barely miss something. Something hits you. x2
Dowan gestures at you while chanting.
The puff of flame hits something. 😮 HP[-7]
You take 7 damage, and now have 38/55 hp.
You hit something but do no damage. Something hits you.
Something hits you! 😮 HP[-10]
You take 10 damage, and now have 28/55 hp.
You hit something but do no damage. Something hits you!
* * * LOW HITPOINT WARNING * * *
Dowan casts a spell.
Dowan blinks!
Something hits you but does no damage.
Unknown command. 😨 HP[-10]
You take 10 damage, and now have 18/55 hp.
You hit something but do no damage. Something hits you!
* * * LOW HITPOINT WARNING * * *
Something hits you.
* * * LOW HITPOINT WARNING * * *
😱 HP[-11]
You take 11 damage, and now have 7/55 hp.
It was a potion of curing.
You feel better.
Something hits you but does no damage. 😨 HP[+8]
You regained 8 hp, and now have 15/55 hp.
You feel very mighty all of a sudden. Something hits you but does no damage.
Something hits you.
* * * LOW HITPOINT WARNING * * *
😨 HP[-1]
You take 1 damage, and now have 14/55 hp.
You feel yourself speed up. Something hits you.
* * * LOW HITPOINT WARNING * * *
Dowan says, "Magic and the sword, together, will defeat you." 😱 HP[-5]
You take 5 damage, and now have 9/55 hp.
Unknown command.
You feel better.
Something hits you but does no damage. 😨 HP[+6]
You regained 6 hp, and now have 15/55 hp.
You closely miss something. Something hits you.
* * * LOW HITPOINT WARNING * * *
Something hits you.
* * * LOW HITPOINT WARNING * * *
😱 HP[-6]
You take 6 damage, and now have 9/55 hp.
You hit something. Something hits you.
* * * LOW HITPOINT WARNING * * *
😱 HP[-1]
You take 1 damage, and now have 8/55 hp.
Unknown command.
You closely miss something. Something hits you.
* * * LOW HITPOINT WARNING * * *
Dowan casts a spell.
Dowan blinks! 😱 HP[-2]
You take 2 damage, and now have 6/55 hp.
You sock something! Something hits you but does no damage.
Dowan says, "Stay away from my face!"
You closely miss something. Something hits you.
* * * LOW HITPOINT WARNING * * *
Something hits you.
You die...

Skill      XL: |  1  2  3  4  5  6 |
---------------+-------------------+-----
Maces & Flails | 3 4 5 |  5.0
Armour         | 4 5 |  5.4
Shields        | 4 |  4.0
Fighting       | 4 |  4.9

Action                     |  1- 3 |  4- 6 || total
---------------------------+-------+-------++-------
  Melee: Flail             |    64 |   135 ||   199
    Use: Scroll            |       |     6 ||     6
         Potion            |       |     4 ||     4
 Armour: Scale mail        |    38 |    61 ||    99
  Dodge: Dodged            |    19 |    47 ||    66
  Block: Buckler           |    21 |    26 ||    47

Levels and vault maps discovered:
D:1:      lemuel_arrival_room, layout_basic
D:2:      layout_loops_cross, chequers_ecumenical_altar_island, hex_medium
D:3:      layout_rooms, pdpol_wu_jian_five_deadly_venoms,
          minmay_misc_feat_four_crosses, minivault_24
D:4:      layout_basic, uniq_duvessa

Notes
Turn   | Place    | Note
-------+----------+-------------------------------------------
     0 | D:1      | ytrimaz the Meteoran Fighter began the quest for the Orb.
     0 | D:1      | Reached XP level 1. HP: 19/19 MP: 2/2
     0 | D:1      | magus.rc [v1.9.6]
    47 | D:1      | Reached XP level 2. HP: 25/26 MP: 3/3
    49 | D:1      | Reached skill level 3 in Maces & Flails
   154 | D:1      | Reached XP level 3. HP: 27/31 MP: 4/4
   234 | D:1      | Reached skill level 4 in Armour
   304 | D:1      | Reached skill level 4 in Shields
   486 | D:1      | Glimpsed the power of Zot.
   579 | D:2      | Reached XP level 4. HP: 40/40 MP: 5/5
   684 | D:2      | Found a faded altar of an unknown god.
   862 | D:2      | Reached skill level 4 in Fighting
   867 | D:2      | You add the spells Ozocubu's Armour and Ozocubu's
                  | Refrigeration to your library.
  1070 | D:2      | Glimpsed the power of Zot.
  1123 | D:3      | Reached skill level 4 in Maces & Flails
  1123 | D:3      | Reached XP level 5. HP: 24/46 MP: 6/6
  1128 | D:3      | HP: 9/46 [gnoll/+0 flail (4)]
  1128 | D:3      | HP: 3/46 [gnoll/+0 flail (6)]
  1230 | D:3      | Found an ornate altar of the Wu Jian Council.
  1388 | D:3      | Reached skill level 5 in Armour
  1388 | D:3      | Reached XP level 6. HP: 51/53 MP: 7/7
  1408 | D:3      | Reached skill level 5 in Maces & Flails
  1494 | D:3      | You pick up a book of Lightning and begin reading...
  1494 | D:3      | You add the spells Vhi's Electric Charge, Arcjolt and
                  | Plasma Beam to your library.
  1679 | D:4      | You pick up a book of Storms and begin reading...
  1679 | D:4      | You add the spells Static Discharge, Airstrike and Summon
                  | Lightning Spire to your library.
  1723 | D:4      | Noticed Dowan
  1724 | D:4      | Noticed Duvessa
  1739 | D:4      | HP: 11/55 [something (7)]
  1744 | D:4      | HP: 13/55 [something (2)]
  1746 | D:4      | HP: 6/55 [something (2)]
  1748 | D:4      | Slain by Duvessa

Vanquished Creatures
  An orc priest (D:3)
  3 orc wizards (D:3)
  3 adders
  3 gnolls (D:3)
  A worm (D:3)
  3 dart slugs
  4 orcs (D:3)
  4 ball pythons
  7 endoplasms
  6 giant cockroaches
  11 goblins
  3 hobgoblins
  2 jackals (D:3)
  4 quokkas
  5 bats
  3 frilled lizards
  10 kobolds
  8 rats
81 creatures vanquished.

Table legend:
 A = Non-vault XP
 B = Vault XP
 C = Vault XP percentage of total XP
 D = Non-vault monster count
 E = Vault monster count
 F = Vault count percentage of total count
                 A         B        C        D         E       F
            +---------+---------+-------+---------+---------+-------
      Total |     351 |       0 |   0.0 |      81 |       0 |   0.0
            +---------+---------+-------+---------+---------+-------
        D:1 |      50 |       0 |   0.0 |      28 |       0 |   0.0
        D:2 |      44 |       0 |   0.0 |      20 |       0 |   0.0
        D:3 |     254 |       0 |   0.0 |      31 |       0 |   0.0
        D:4 |       3 |       0 |   0.0 |       2 |       0 |   0.0
            +---------+---------+-------+---------+---------+-------

Skill      XL: |  1  2  3  4  5  6 |
---------------+-------------------+-----
Maces & Flails | 3 4 5 |  5.0
Armour         | 4 5 |  5.4
Shields        | 4 |  4.0
Fighting       | 4 |  4.9

Action                     |  1- 3 |  4- 6 || total
---------------------------+-------+-------++-------
  Melee: Flail             |    64 |   135 ||   199
    Use: Scroll            |       |     6 ||     6
         Potion            |       |     4 ||     4
 Armour: Scale mail        |    38 |    61 ||    99
  Dodge: Dodged            |    19 |    47 ||    66
  Block: Buckler           |    21 |    26 ||    47

Illustrated notes

Table legend:
 A = Kills in this place as a percentage of kills in the entire game.
 B = Kills by you in this place as a percentage of kills by you in the entire game.
 C = Kills by friends in this place as a percentage of kills by friends in the entire game.
 D = Other kills in this place as a percentage of other kills in the entire game.
 E = Experience gained in this place as a percentage of experience gained in the entire game.
 F = Experience gained in this place divided by the number of levels of this place that you have seen.
                   A       B       C       D       E      F
               +-------+-------+-------+-------+-------+----------------------
         Total | 100.0 | 100.0 |   N/A |   N/A | 100.0 |  87.8
       Dungeon | 100.0 | 100.0 |   N/A |   N/A | 100.0 |  87.8
               +-------+-------+-------+-------+-------+----------------------

Table legend: (Time is in decaauts)
 A = Elapsed time spent in this place.
 B = Non-inter-level travel time spent in this place.
 C = Inter-level travel time spent in this place.
 D = Time resting spent in this place.
 E = Time spent auto-exploring this place.
 F = Levels seen in this place.
 G = Mean time per level.
                   A        B        C        D        E       F      G
               +--------+--------+--------+--------+--------+-----+--------+
         Total |   1794 |   1716 |     78 |      0 |   1190 |   4 |  448.5 |
       Dungeon |   1794 |   1716 |     78 |      0 |   1190 |   4 |  448.5 |
               +--------+--------+--------+--------+--------+-----+--------+

Top non-repeatable levels by time:
     D:2: 613 daAuts
     D:3: 555 daAuts
     D:1: 515 daAuts
     D:4: 109 daAuts
